Avalanche vs Nordiques
(R1)
Created - 29 janvier 2014 at 23:18
Goals
|
| Avalanche |
0 |
2 |
1 |
3 |
| Nordiques |
4 |
1 |
3 |
8 |
|
Shots
|
| Avalanche |
7 |
11 |
5 |
23 |
| Nordiques |
19 |
5 |
10 |
34 |
|
1st period
1. Nordiques , Ryan Malone 5 (Saku Koivu, Mike Komisarek) at 1:46
2. Nordiques , Stephen Weiss 23 (Maxim Afinogenov, Simon Gagné) at 4:24
3. Nordiques , Stephen Weiss 24 (Maxim Afinogenov, Mike Komisarek) at 15:14
4. Nordiques , Ryan Whitney 4 (Ales Kotalik, Tyler Arnason) at 18:37
Penalties :
Bryan McCabe (Que) for High sticking (Minor) at 10:19, Jason Pominville (Col) for Hooking (Minor) at 19:19
2nd period
5. Avalanche , Erik Cole 9 (Mike Comrie, Corey Perry) at 8:02
6. Avalanche , Oleg Kvasha 15 (Jason Pominville, Ryan Smyth) at 13:16
7. Nordiques , Ales Kotalik 14 (Jordan Leopold) at 14:33
Penalties :
Ryan Whitney (Que) for Fighting (Major) at 1:45, Brian Campbell (Col) for Fighting (Major) at 1:45, Jason Pominville (Col) for Roughing (Minor) at 8:30, Ryan Malone (Que) for Hooking (Minor) at 14:55, Mike Comrie (Col) for Interference (Minor) at 18:19
3rd period
8. Nordiques , Simon Gagné 35 (Chris Phillips, Stephen Weiss) at 1:10 (PP)
9. Avalanche , Jason Pominville 29 (Oleg Kvasha, Ryan Smyth) at 5:50 (PP)
10. Nordiques , Chris Phillips 3 (Saku Koivu, Jordan Eberle) at 12:35
11. Nordiques , Saku Koivu 13 (Jordan Eberle, Ryan Malone) at 13:15
Penalties :
Erik Cole (Col) for Holding (Minor) at 0:54, Jordan Eberle (Que) for Goalie Interference (Minor) at 1:37, Tyler Arnason (Que) for Hooking (Minor) at 5:17, Maxim Afinogenov (Que) for Tripping (Minor) at 7:30, Maxim Afinogenov (Que) for Fighting (Major) at 12:46, Oleg Kvasha (Col) for Fighting (Major) at 12:46, Simon Gagné (Que) for Fighting (Major) at 13:05, Shane O'Brien (Col) for Fighting (Major) at 13:05, Maxim Talbot (Col) for Interference (Minor) at 16:28
Goalie Stats
Marty Turco (Col), 13 saves from 17 shots - (0,765), 41:23 minutes
Patrick Lalime (Col), 13 saves from 17 shots - (0,765), L, 11-7-1, 18:37 minutes
Jean-Sébastien Giguère (Que), 20 saves from 23 shots - (0,870), W, 11-9-3, 60:00 minutes
Players Stats for Avalanche
Player Name G A P +/- PIM S H SB GA TA FO MP PP MP PK MP
------------------------------------------------------------------------------------
Andrew Ladd 0 0 0 0 0 0 2 0 0 0 0/0 12:25 0:00 2:51
Andy Delmore 0 0 0 -3 0 0 1 1 0 2 0/0 19:07 3:14 1:04
Brian Campbell 0 0 0 0 5 1 3 1 0 0 0/0 18:30 5:15 0:00
Bryan Little 0 0 0 -1 0 1 1 0 1 0 3/5 12:01 3:19 1:11
Chuck Kobasew 0 0 0 0 0 2 1 0 0 1 0/1 9:34 0:04 0:00
Corey Perry 0 1 1 -2 0 0 3 0 0 1 0/1 14:28 3:19 0:00
Daniel Cleary 0 0 0 -1 0 2 1 0 0 1 1/3 11:25 0:04 3:09
Dave Tanabe 0 0 0 0 0 0 0 2 0 1 0/0 22:37 5:15 3:14
Erik Cole 1 0 1 -2 2 2 5 1 1 0 0/1 19:21 3:19 4:44
Jack Johnson 0 0 0 -3 0 0 2 1 1 2 0/0 25:25 3:14 4:58
Jason Pominville 1 1 2 -2 4 4 2 1 1 0 0/0 19:50 5:06 0:00
Marc Staal 0 0 0 -2 0 1 1 3 0 0 0/0 20:41 0:00 4:58
Maxim Talbot 0 0 0 0 2 0 2 0 1 1 2/5 9:45 0:00 0:09
Mike Comrie 0 1 1 -2 2 2 1 1 0 0 7/14 15:50 0:00 4:10
Oleg Kvasha 1 1 2 -1 5 2 1 1 0 0 18/28 17:45 5:06 0:07
Rostislav Olesz 0 0 0 -2 0 1 2 0 0 0 3/7 10:04 0:04 0:10
Ryan Smyth 0 2 2 -2 0 5 0 0 1 1 2/3 19:21 5:06 0:00
Shane O'Brien 0 0 0 -2 5 0 4 1 0 0 0/0 13:58 0:00 2:30
Players Stats for Nordiques
Player Name G A P +/- PIM S H SB GA TA FO MP PP MP PK MP
------------------------------------------------------------------------------------
Ales Kotalik 1 1 2 2 0 2 0 0 0 0 0/0 11:22 1:07 0:00
Alexei Ponikarovsky 0 0 0 2 0 0 3 0 2 0 1/3 11:51 0:59 1:50
Bryan McCabe 0 0 0 1 2 2 1 0 0 1 0/0 14:33 0:00 0:00
Chris Phillips 1 1 2 2 0 4 1 2 2 0 0/0 23:52 4:52 0:00
Éric Belanger 0 0 0 0 0 0 0 0 0 0 1/3 10:19 0:25 2:53
Jordan Eberle 0 2 2 2 2 1 1 0 0 2 1/1 17:13 2:59 0:00
Jordan Leopold 0 1 1 1 0 0 1 0 0 1 0/0 21:46 3:20 5:24
Lubomir Visnovsky 0 0 0 2 0 1 1 0 0 1 0/0 18:26 3:20 3:05
Mattias Weinhandl 0 0 0 0 0 0 0 0 0 0 0/1 6:20 0:00 0:00
Maxim Afinogenov 0 2 2 1 7 5 1 0 1 0 1/2 22:47 4:06 3:23
Mike Komisarek 0 2 2 2 0 1 0 0 0 0 0/0 15:41 0:00 5:24
Ryan Bayda 0 0 0 0 0 0 1 0 0 0 0/0 6:57 0:00 0:37
Ryan Malone 1 1 2 2 2 3 1 0 2 0 1/1 14:54 3:14 0:00
Ryan Whitney 1 0 1 2 5 1 2 1 1 0 0/0 24:39 4:52 3:05
Saku Koivu 1 2 3 2 0 7 1 0 1 0 6/15 20:31 2:59 4:22
Simon Gagné 1 1 2 1 5 3 0 1 0 1 1/1 20:08 3:59 2:09
Stephen Weiss 2 1 3 1 0 2 3 0 0 0 16/35 21:34 4:48 1:44
Tyler Arnason 0 1 1 2 2 2 3 0 1 0 4/6 8:30 0:00 0:00
3 Stars
1 - Stephen Weiss (Que)
2 - Saku Koivu (Que)
3 - Chris Phillips (Que)
Power Play
Avalanche - 1 on 5 Attempt(s) - 20,00%
Nordiques - 1 on 5 Attempt(s) - 20,00%
Penalty Kill
Avalanche - 4 on 5 Attempt(s) - 80,00%
- Score 0 goal in Penalty Kill
Nordiques - 4 on 5 Attempt(s) - 80,00%
- Score 0 goal in Penalty Kill
Official
Referees : StLaurent Francois and Joannette Marc
Linesman : Michel Cormier and Tony Sericolo
Game Notes
Marty Turco enters game at 18:37 of 1st period
Ryan Whitney beats up Brian Campbell at 1:45 of 2nd period
12:35 of 3rd period - Nordiques goal is going for a video replay. After video review, Goal.
Oleg Kvasha beats up Maxim Afinogenov at 12:46 of 3rd period
Shane O'Brien beats up Simon Gagné at 13:05 of 3rd period
Finance
Level 1 -- Attendance: 6000 (100,00%) -- Ticket Income 450 000 $
Level 2 -- Attendance: 4514 (90,28%) -- Ticket Income 180 560 $
Level 3 -- Attendance: 1933 (96,65%) -- Ticket Income 57 990 $
Level 4 -- Attendance: 3891 (97,28%) -- Ticket Income 58 365 $
Luxury Box -- Attendance: 919 (91,90%) -- Ticket Income 128 660 $
Game was played at the Colisé Pepsi
Total Attendance: 17257 (95,87%)
Total Ticket Income: 875 575 $
Other Income: 131 336 $
Total Income: 1 006 911 $
Avalanche
5 vs 5 Forward
Center Left Wing Right Wing Time % Phy DF OF
1 Oleg Kvasha Ryan Smyth Jason Pominville 40 1 2 2
2 Mike Comrie Erik Cole Corey Perry 30 1 2 2
3 Maxim Talbot Andrew Ladd Chuck Kobasew 15 1 2 2
4 Bryan Little Rostislav Olesz Daniel Cleary 15 1 2 2
5 vs 5 Defense
Defense Defense Time % Phy DF OF
1 Marc Staal Jack Johnson 35 1 2 2
2 Dave Tanabe Brian Campbell 35 1 2 2
3 Shane O'Brien Andy Delmore 30 1 2 2
4 Marc Staal Jack Johnson 0 1 2 2
PowerPlay Forward
Center Left Wing Right Wing Time % Phy DF OF
1 Oleg Kvasha Ryan Smyth Jason Pominville 60 1 2 2
2 Bryan Little Erik Cole Corey Perry 40 1 2 2
PowerPlay Defense
Defense Defense Time % Phy DF OF
1 Brian Campbell Dave Tanabe 60 1 2 2
2 Jack Johnson Andy Delmore 40 1 2 2
Penalty Kill 4 Players Forward
Center Wing Time % Phy DF OF
1 Mike Comrie Erik Cole 60 1 2 2
2 Daniel Cleary Andrew Ladd 40 1 2 2
Penalty Kill 4 Players Defense
Defense Defense Time % Phy DF OF
1 Marc Staal Jack Johnson 60 1 2 2
2 Dave Tanabe Shane O'Brien 40 1 2 2
Penalty Kill - 3 Players Forward
Forward Time % Phy DF OF
1 Mike Comrie 60 1 2 2
2 Oleg Kvasha 40 1 2 2
Penalty Kill - 3 Players Defense
Defense Defense Time % Phy DF OF
1 Marc Staal Jack Johnson 60 1 2 2
2 Dave Tanabe Brian Campbell 40 1 2 2
4 vs 4 Forward
Center Wing Time % Phy DF OF
1 Oleg Kvasha Jason Pominville 60 1 2 2
2 Mike Comrie Ryan Smyth 40 1 2 2
4 vs 4 Defense
Defense Defense Time % Phy DF OF
1 Marc Staal Jack Johnson 60 1 2 2
2 Dave Tanabe Brian Campbell 40 1 2 2
Last Minutes Offensive
Center Left Wing Right Wing Defense Defense
Oleg Kvasha Ryan Smyth Corey Perry Brian Campbell Dave Tanabe
Last Minutes Defensive
Center Left Wing Right Wing Defense Defense
Mike Comrie Ryan Smyth Daniel Cleary Marc Staal Jack Johnson
Goaltenders
Starting : Patrick Lalime
Backup : Marty Turco
Extra Forwards
Normal : Rostislav Olesz, Chuck Kobasew, Bryan Little - PP : Rostislav Olesz, Chuck Kobasew - PK : Daniel Cleary
Extra Defensemen
Normal : Shane O'Brien, Jack Johnson, Dave Tanabe - PP : Shane O'Brien - PK : Jack Johnson, Dave Tanabe
Penalty Shots
Ryan Smyth, Daniel Cleary, Corey Perry, Mike Comrie, Erik Cole
Nordiques
5 vs 5 Forward
Center Left Wing Right Wing Time % Phy DF OF
1 Stephen Weiss Simon Gagné Maxim Afinogenov 40 0 2 3
2 Saku Koivu Ryan Malone Jordan Eberle 30 0 2 3
3 Tyler Arnason Alexei Ponikarovsky Ales Kotalik 20 0 3 2
4 Éric Belanger Ryan Bayda Mattias Weinhandl 10 1 2 2
5 vs 5 Defense
Defense Defense Time % Phy DF OF
1 Chris Phillips Ryan Whitney 40 1 2 2
2 Bryan McCabe Jordan Leopold 30 1 2 2
3 Lubomir Visnovsky Mike Komisarek 20 1 2 2
4 Chris Phillips Ryan Whitney 10 1 2 2
PowerPlay Forward
Center Left Wing Right Wing Time % Phy DF OF
1 Stephen Weiss Simon Gagné Maxim Afinogenov 60 0 1 4
2 Saku Koivu Ryan Malone Jordan Eberle 40 0 1 4
PowerPlay Defense
Defense Defense Time % Phy DF OF
1 Chris Phillips Ryan Whitney 60 0 2 3
2 Lubomir Visnovsky Jordan Leopold 40 0 2 3
Penalty Kill 4 Players Forward
Center Wing Time % Phy DF OF
1 Saku Koivu Maxim Afinogenov 60 0 4 1
2 Éric Belanger Simon Gagné 40 0 4 1
Penalty Kill 4 Players Defense
Defense Defense Time % Phy DF OF
1 Jordan Leopold Mike Komisarek 60 0 4 1
2 Ryan Whitney Lubomir Visnovsky 40 0 4 1
Penalty Kill - 3 Players Forward
Forward Time % Phy DF OF
1 Saku Koivu 60 0 4 1
2 Maxim Afinogenov 40 0 4 1
Penalty Kill - 3 Players Defense
Defense Defense Time % Phy DF OF
1 Jordan Leopold Mike Komisarek 60 0 4 1
2 Lubomir Visnovsky Ryan Whitney 40 0 4 1
4 vs 4 Forward
Center Wing Time % Phy DF OF
1 Stephen Weiss Simon Gagné 60 0 2 3
2 Saku Koivu Maxim Afinogenov 40 0 2 3
4 vs 4 Defense
Defense Defense Time % Phy DF OF
1 Chris Phillips Ryan Whitney 60 0 3 2
2 Lubomir Visnovsky Jordan Leopold 40 0 3 2
Last Minutes Offensive
Center Left Wing Right Wing Defense Defense
Stephen Weiss Simon Gagné Maxim Afinogenov Chris Phillips Ryan Whitney
Last Minutes Defensive
Center Left Wing Right Wing Defense Defense
Saku Koivu Ryan Malone Maxim Afinogenov Jordan Leopold Mike Komisarek
Goaltenders
Starting : Jean-Sébastien Giguère
Backup : Mike Smith
Extra Forwards
Normal : Jordan Eberle, Stephen Weiss, Maxim Afinogenov - PP : Ryan Malone, Simon Gagné - PK : Stephen Weiss
Extra Defensemen
Normal : Lubomir Visnovsky, Jordan Leopold, Ryan Whitney - PP : Mike Komisarek - PK : Jordan Leopold, Mike Komisarek
Penalty Shots
Maxim Afinogenov, Simon Gagné, Stephen Weiss, Ryan Whitney, Saku Koivu
% Time on Ice - Avalanche
Lines # - Real PCT - Wanted PCT - Time Play
Normal Forward
1 - 35% - 40% - 15:02
2 - 26% - 30% - 11:09
3 - 21% - 15% - 9:12
4 - 18% - 15% - 7:56
Normal Defense
1 - 35% - 35% - 15:15
2 - 35% - 35% - 15:17
3 - 30% - 30% - 12:47
4 - 0% - 0% - 0:00
PP Forward
1 - 61% - 60% - 5:10
2 - 39% - 40% - 3:19
PP Defense
1 - 62% - 60% - 5:15
2 - 38% - 40% - 3:14
PK Forward
1 - 81% - 60% - 6:38
2 - 19% - 40% - 1:34
PK Defense
1 - 61% - 60% - 4:58
2 - 39% - 40% - 3:14
PK3 Forward
1 - 0% - 60%
2 - 0% - 40%
PK3 Defense
1 - 0% - 60%
2 - 0% - 40%
44 Forward
1 - 0% - 60%
2 - 0% - 40%
44 Defense
1 - 0% - 60%
2 - 0% - 40%
Last Minute Offensive - 0:00
Last Minute Defensive - 0:00
Total
Forward - 60:00
Defense - 60:00
|
% Time on Ice - Nordiques
Lines # - Real PCT - Wanted PCT - Time Play
Normal Forward
1 - 39% - 40% - 16:47
2 - 27% - 30% - 11:41
3 - 20% - 20% - 8:31
4 - 15% - 10% - 6:20
Normal Defense
1 - 45% - 40% - 19:17
2 - 32% - 30% - 14:02
3 - 19% - 20% - 8:10
4 - 4% - 10% - 1:50
PP Forward
1 - 64% - 60% - 5:13
2 - 36% - 40% - 2:59
PP Defense
1 - 59% - 60% - 4:52
2 - 41% - 40% - 3:20
PK Forward
1 - 75% - 60% - 6:20
2 - 25% - 40% - 2:09
PK Defense
1 - 64% - 60% - 5:24
2 - 36% - 40% - 3:05
PK3 Forward
1 - 0% - 60%
2 - 0% - 40%
PK3 Defense
1 - 0% - 60%
2 - 0% - 40%
44 Forward
1 - 0% - 60%
2 - 0% - 40%
44 Defense
1 - 0% - 60%
2 - 0% - 40%
Last Minute Offensive - 0:00
Last Minute Defensive - 0:00
Total
Forward - 60:00
Defense - 60:00
|
Play by Play
1st period
0:01 of 1st period - Stephen Weiss wins face-off versus Oleg Kvasha in neutral zone.
0:14 of 1st period - Slapshot by Maxim Afinogenov.
0:14 of 1st period - Shot Blocked by Marc Staal.
0:28 of 1st period - Marc Staal is hit by Chris Phillips.
0:32 of 1st period - Snap shot by Saku Koivu.
0:32 of 1st period - Shot Misses the Net.
0:34 of 1st period - Slapshot by Chris Phillips.
0:34 of 1st period - Deflect By Saku Koivu.
0:34 of 1st period - Stopped by Patrick Lalime without a rebound.
0:35 of 1st period - Maxim Talbot wins face-off versus Saku Koivu in Avalanche zone.
0:46 of 1st period - Wrist shot by Andrew Ladd.
0:46 of 1st period - Shot Misses the Net.
1:06 of 1st period - Mike Komisarek is hit by Brian Campbell and loses puck.
1:34 of 1st period - Slapshot by Saku Koivu.
1:34 of 1st period - Stopped by Patrick Lalime with a rebound.
1:40 of 1st period - Wrist shot by Saku Koivu.
1:40 of 1st period - Shot Misses the Net.
1:42 of 1st period - Wrist shot by Mike Komisarek.
1:42 of 1st period - Stopped by Patrick Lalime with a rebound.
1:44 of 1st period - Snap shot by Saku Koivu.
1:44 of 1st period - Shot Blocked by Brian Campbell.
1:46 of 1st period - Snap shot by Ryan Malone.
1:46 of 1st period - Goal by Ryan Malone - Avalanche : 0 - Nordiques : 1.
1:47 of 1st period - Ryan Smyth wins face-off versus Tyler Arnason in neutral zone.
2:42 of 1st period - Ryan Bayda is hit by Marc Staal and loses puck.
2:53 of 1st period - Marc Staal is hit by Tyler Arnason and loses puck.
3:30 of 1st period - Icing by Ryan Whitney.
3:31 of 1st period - Maxim Talbot wins face-off versus Stephen Weiss in Nordiques zone.
3:32 of 1st period - Snap shot by Chuck Kobasew.
3:32 of 1st period - Stopped by Jean-Sébastien Giguère with a rebound.
4:24 of 1st period - Wrist shot by Stephen Weiss.
4:24 of 1st period - Goal by Stephen Weiss - Avalanche : 0 - Nordiques : 2.
4:25 of 1st period - Tyler Arnason wins face-off versus Oleg Kvasha in neutral zone.
4:30 of 1st period - Wrist shot by Ales Kotalik.
4:30 of 1st period - Shot Misses the Net.
6:02 of 1st period - Snap shot by Andrew Ladd.
6:02 of 1st period - Shot Hit the Post.
6:37 of 1st period - Bryan Little is hit by Jordan Eberle and loses puck.
6:42 of 1st period - Slapshot by Saku Koivu.
6:42 of 1st period - Stopped by Patrick Lalime without a rebound.
6:43 of 1st period - Stephen Weiss wins face-off versus Bryan Little in Avalanche zone.
6:48 of 1st period - Wrist shot by Maxim Afinogenov.
6:48 of 1st period - Shot Blocked by Shane O'Brien.
7:12 of 1st period - Slapshot by Maxim Afinogenov.
7:12 of 1st period - Stopped by Patrick Lalime without a rebound.
7:13 of 1st period - Saku Koivu wins face-off versus Chuck Kobasew in Avalanche zone.
7:49 of 1st period - Wrist shot by Chris Phillips.
7:49 of 1st period - Stopped by Patrick Lalime with a rebound.
7:51 of 1st period - Wrist shot by Chris Phillips.
7:51 of 1st period - Stopped by Patrick Lalime with a rebound.
8:47 of 1st period - Slapshot by Bryan McCabe.
8:47 of 1st period - Shot Misses the Net.
8:49 of 1st period - Slapshot by Jordan Leopold.
8:49 of 1st period - Shot Misses the Net.
9:28 of 1st period - Jack Johnson is hit by Stephen Weiss and loses puck.
9:33 of 1st period - Snap shot by Maxim Afinogenov.
9:33 of 1st period - Stopped by Patrick Lalime with a rebound.
9:35 of 1st period - Snap shot by Maxim Afinogenov.
9:35 of 1st period - Stopped by Patrick Lalime without a rebound.
9:36 of 1st period - Oleg Kvasha wins face-off versus Stephen Weiss in Avalanche zone.
10:06 of 1st period - Backhand shot by Marc Staal.
10:06 of 1st period - Stopped by Jean-Sébastien Giguère without a rebound.
10:07 of 1st period - Mike Comrie wins face-off versus Saku Koivu in Nordiques zone.
10:19 of 1st period - Minor Penalty to Bryan McCabe for High sticking.
10:20 of 1st period - Saku Koivu wins face-off versus Oleg Kvasha in Nordiques zone.
10:28 of 1st period - Slapshot by Ryan Smyth.
10:28 of 1st period - Stopped by Jean-Sébastien Giguère with a rebound.
10:30 of 1st period - Wrist shot by Oleg Kvasha.
10:30 of 1st period - Deflect By Jason Pominville.
10:30 of 1st period - Shot Misses the Net.
10:30 of 1st period - Puck is out of play.
10:31 of 1st period - Saku Koivu wins face-off versus Ryan Smyth in Nordiques zone.
11:17 of 1st period - Snap shot by Jason Pominville.
11:17 of 1st period - Stopped by Jean-Sébastien Giguère with a rebound.
11:19 of 1st period - Snap shot by Brian Campbell.
11:19 of 1st period - Stopped by Jean-Sébastien Giguère without a rebound.
11:20 of 1st period - Bryan Little wins face-off versus Saku Koivu in Nordiques zone.
11:23 of 1st period - Snap shot by Corey Perry.
11:23 of 1st period - Deflect By Bryan Little.
11:23 of 1st period - Shot Misses the Net.
11:23 of 1st period - Puck is out of play.
11:24 of 1st period - Saku Koivu wins face-off versus Corey Perry in Nordiques zone.
11:31 of 1st period - Erik Cole is hit by Lubomir Visnovsky and loses puck.
11:36 of 1st period - Slapshot by Saku Koivu.
11:36 of 1st period - Stopped by Patrick Lalime with a rebound.
11:40 of 1st period - Slapshot by Maxim Afinogenov.
11:40 of 1st period - Shot Blocked by Andy Delmore.
12:19 of 1st period - Penalty to Bryan McCabe is over, Bryan McCabe is back on ice.
12:53 of 1st period - Mike Komisarek is hit by Shane O'Brien and loses puck.
13:11 of 1st period - Off-side.
13:12 of 1st period - Oleg Kvasha wins face-off versus Saku Koivu in neutral zone.
13:39 of 1st period - Wrist shot by Mike Comrie.
13:39 of 1st period - Stopped by Jean-Sébastien Giguère with a rebound.
13:41 of 1st period - Slapshot by Brian Campbell.
13:41 of 1st period - Shot Blocked by Chris Phillips.
13:53 of 1st period - Wrist shot by Saku Koivu.
13:53 of 1st period - Shot Blocked by Dave Tanabe.
14:34 of 1st period - Snap shot by Bryan Little.
14:34 of 1st period - Stopped by Jean-Sébastien Giguère with a rebound.
14:40 of 1st period - Maxim Afinogenov is hit by Shane O'Brien and loses puck.
15:03 of 1st period - Stephen Weiss is hit by Shane O'Brien and loses puck.
15:14 of 1st period - Snap shot by Stephen Weiss.
15:14 of 1st period - Goal by Stephen Weiss - Avalanche : 0 - Nordiques : 3.
15:15 of 1st period - Oleg Kvasha wins face-off versus Saku Koivu in neutral zone.
15:24 of 1st period - Slapshot by Ryan Smyth.
15:24 of 1st period - Shot Misses the Net.
15:40 of 1st period - Ales Kotalik is hit by Mike Comrie and loses puck.
15:49 of 1st period - Slapshot by Chris Phillips.
15:49 of 1st period - Shot Blocked by Erik Cole.
16:35 of 1st period - Snap shot by Saku Koivu.
16:35 of 1st period - Stopped by Patrick Lalime without a rebound.
16:36 of 1st period - Mike Comrie wins face-off versus Stephen Weiss in Avalanche zone.
16:41 of 1st period - Jordan Leopold is hit by Erik Cole and loses puck.
17:02 of 1st period - Saku Koivu is hit by Andy Delmore and loses puck.
17:29 of 1st period - Éric Belanger is hit by Andrew Ladd and loses puck.
17:48 of 1st period - Slapshot by Tyler Arnason.
17:48 of 1st period - Stopped by Patrick Lalime without a rebound.
17:49 of 1st period - Oleg Kvasha wins face-off versus Tyler Arnason in Avalanche zone.
18:06 of 1st period - Marc Staal is hit by Alexei Ponikarovsky and loses puck.
18:13 of 1st period - Snap shot by Tyler Arnason.
18:13 of 1st period - Stopped by Patrick Lalime with a rebound.
18:27 of 1st period - Wrist shot by Oleg Kvasha.
18:27 of 1st period - Shot Hit the Post.
18:37 of 1st period - Slapshot by Ryan Whitney.
18:37 of 1st period - Goal by Ryan Whitney - Avalanche : 0 - Nordiques : 4.
18:37 of 1st period - Marty Turco enters game.
18:38 of 1st period - Mike Comrie wins face-off versus Stephen Weiss in neutral zone.
19:05 of 1st period - Chris Phillips is hit by Maxim Talbot and loses puck.
19:14 of 1st period - Snap shot by Ryan Malone.
19:14 of 1st period - Stopped by Marty Turco without a rebound.
19:15 of 1st period - Alexei Ponikarovsky wins face-off versus Oleg Kvasha in Avalanche zone.
19:15 of 1st period - Alexei Ponikarovsky is hit by Jason Pominville.
19:17 of 1st period - Slapshot by Bryan McCabe.
19:17 of 1st period - Stopped by Marty Turco with a rebound.
19:19 of 1st period - Minor Penalty to Jason Pominville for Hooking.
19:20 of 1st period - Stephen Weiss wins face-off versus Mike Comrie in Avalanche zone.
19:47 of 1st period - Erik Cole is hit by Ryan Whitney and loses puck.
Goals for this period are 0 for Avalanche vs 4 for Nordiques.
Shots for this period are 7 for Avalanche vs 19 for Nordiques.
2nd period
0:01 of 2nd period - Stephen Weiss wins face-off versus Mike Comrie in neutral zone.
0:06 of 2nd period - Snap shot by Maxim Afinogenov.
0:06 of 2nd period - Shot Misses the Net.
0:08 of 2nd period - Snap shot by Simon Gagné.
0:08 of 2nd period - Shot Misses the Net.
0:10 of 2nd period - Slapshot by Chris Phillips.
0:10 of 2nd period - Stopped by Marty Turco without a rebound.
0:11 of 2nd period - Stephen Weiss wins face-off versus Mike Comrie in Avalanche zone.
0:16 of 2nd period - Wrist shot by Stephen Weiss.
0:16 of 2nd period - Shot Misses the Net.
0:18 of 2nd period - Slapshot by Chris Phillips.
0:18 of 2nd period - Shot Misses the Net.
0:20 of 2nd period - Slapshot by Simon Gagné.
0:20 of 2nd period - Stopped by Marty Turco with a rebound.
0:22 of 2nd period - Slapshot by Chris Phillips.
0:22 of 2nd period - Shot Misses the Net.
0:47 of 2nd period - Icing by Ryan Malone.
0:48 of 2nd period - Jordan Eberle wins face-off versus Daniel Cleary in Nordiques zone.
1:19 of 2nd period - Penalty to Jason Pominville is over, Jason Pominville is back on ice.
1:37 of 2nd period - Wrist shot by Ryan Smyth.
1:37 of 2nd period - Deflect By Alexei Ponikarovsky.
1:37 of 2nd period - Stopped by Jean-Sébastien Giguère without a rebound.
1:38 of 2nd period - Simon Gagné wins face-off versus Oleg Kvasha in Nordiques zone.
1:42 of 2nd period - Off-side.
1:43 of 2nd period - Oleg Kvasha wins face-off versus Stephen Weiss in neutral zone.
1:45 of 2nd period - Ryan Whitney beats up Brian Campbell.
1:45 of 2nd period - Penalty to Ryan Whitney for Fighting.
1:45 of 2nd period - Penalty to Brian Campbell for Fighting.
1:46 of 2nd period - Maxim Afinogenov wins face-off versus Oleg Kvasha in Nordiques zone.
2:51 of 2nd period - Icing by Saku Koivu.
2:52 of 2nd period - Stephen Weiss wins face-off versus Rostislav Olesz in Nordiques zone.
3:05 of 2nd period - Simon Gagné is hit by Rostislav Olesz and loses puck.
4:02 of 2nd period - Backhand shot by Stephen Weiss.
4:02 of 2nd period - Shot Blocked by Mike Comrie.
5:23 of 2nd period - Daniel Cleary is hit by Stephen Weiss and loses puck.
5:45 of 2nd period - Wrist shot by Ales Kotalik.
5:45 of 2nd period - Shot Blocked by Dave Tanabe.
5:59 of 2nd period - Andy Delmore is hit by Ryan Malone and loses puck.
6:16 of 2nd period - Mike Komisarek is hit by Erik Cole and loses puck.
6:31 of 2nd period - Maxim Afinogenov is hit by Shane O'Brien and loses puck.
6:36 of 2nd period - Slapshot by Rostislav Olesz.
6:36 of 2nd period - Deflect By Bryan Little.
6:36 of 2nd period - Shot Misses the Net.
6:36 of 2nd period - Puck is out of play.
6:37 of 2nd period - Saku Koivu wins face-off versus Bryan Little in Nordiques zone.
6:48 of 2nd period - Andy Delmore is hit by Saku Koivu and loses puck.
7:23 of 2nd period - Snap shot by Ryan Smyth.
7:23 of 2nd period - Stopped by Jean-Sébastien Giguère without a rebound.
7:24 of 2nd period - Mike Comrie wins face-off versus Stephen Weiss in Nordiques zone.
7:27 of 2nd period - Snap shot by Mike Comrie.
7:27 of 2nd period - Stopped by Jean-Sébastien Giguère without a rebound.
7:28 of 2nd period - Stephen Weiss wins face-off versus Mike Comrie in Nordiques zone.
7:35 of 2nd period - Corey Perry is hit by Stephen Weiss and loses puck.
7:52 of 2nd period - Snap shot by Mike Comrie.
7:52 of 2nd period - Shot Blocked by Ryan Whitney.
7:54 of 2nd period - Snap shot by Erik Cole.
7:54 of 2nd period - Shot Hit the Post.
8:00 of 2nd period - Wrist shot by Erik Cole.
8:00 of 2nd period - Stopped by Jean-Sébastien Giguère with a rebound.
8:02 of 2nd period - Snap shot by Erik Cole.
8:02 of 2nd period - Goal by Erik Cole - Avalanche : 1 - Nordiques : 4.
8:03 of 2nd period - Oleg Kvasha wins face-off versus Stephen Weiss in neutral zone.
8:16 of 2nd period - Off-side.
8:17 of 2nd period - Stephen Weiss wins face-off versus Oleg Kvasha in neutral zone.
8:28 of 2nd period - Snap shot by Maxim Afinogenov.
8:28 of 2nd period - Stopped by Marty Turco with a rebound.
8:30 of 2nd period - Minor Penalty to Jason Pominville for Roughing.
8:31 of 2nd period - Mike Comrie wins face-off versus Stephen Weiss in Avalanche zone.
8:31 of 2nd period - Mike Comrie is hit by Maxim Afinogenov.
10:30 of 2nd period - Penalty to Jason Pominville is over, Jason Pominville is back on ice.
10:51 of 2nd period - Off-side.
10:52 of 2nd period - Bryan Little wins face-off versus Mattias Weinhandl in neutral zone.
11:07 of 2nd period - Bryan Little is hit by Ryan Bayda.
11:11 of 2nd period - Bryan McCabe is hit by Daniel Cleary and loses puck.
11:19 of 2nd period - Off-side.
11:20 of 2nd period - Oleg Kvasha wins face-off versus Maxim Afinogenov in neutral zone.
11:35 of 2nd period - Snap shot by Stephen Weiss.
11:35 of 2nd period - Shot Blocked by Marc Staal.
11:54 of 2nd period - Snap shot by Saku Koivu.
11:54 of 2nd period - Shot Blocked by Marc Staal.
12:06 of 2nd period - Slapshot by Jack Johnson.
12:06 of 2nd period - Shot Misses the Net.
12:08 of 2nd period - Snap shot by Daniel Cleary.
12:08 of 2nd period - Stopped by Jean-Sébastien Giguère with a rebound.
12:54 of 2nd period - Snap shot by Ryan Smyth.
12:54 of 2nd period - Shot Misses the Net.
12:56 of 2nd period - Snap shot by Jason Pominville.
12:56 of 2nd period - Deflect By Oleg Kvasha.
12:56 of 2nd period - Shot Misses the Net.
12:56 of 2nd period - Puck is out of play.
12:57 of 2nd period - Oleg Kvasha wins face-off versus Stephen Weiss in Nordiques zone.
13:00 of 2nd period - Snap shot by Oleg Kvasha.
13:00 of 2nd period - Stopped by Jean-Sébastien Giguère with a rebound.
13:02 of 2nd period - Snap shot by Ryan Smyth.
13:02 of 2nd period - Deflect By Oleg Kvasha.
13:02 of 2nd period - Shot Blocked by Simon Gagné.
13:02 of 2nd period - Puck is out of play.
13:03 of 2nd period - Oleg Kvasha wins face-off versus Stephen Weiss in Nordiques zone.
13:06 of 2nd period - Slapshot by Jason Pominville.
13:06 of 2nd period - Stopped by Jean-Sébastien Giguère with a rebound.
13:08 of 2nd period - Wrist shot by Oleg Kvasha.
13:08 of 2nd period - Shot Misses the Net.
13:10 of 2nd period - Slapshot by Ryan Smyth.
13:10 of 2nd period - Shot Blocked by Chris Phillips.
13:12 of 2nd period - Snap shot by Jason Pominville.
13:12 of 2nd period - Deflect By Maxim Afinogenov.
13:12 of 2nd period - Stopped by Jean-Sébastien Giguère with a rebound.
13:14 of 2nd period - Slapshot by Oleg Kvasha.
13:14 of 2nd period - Shot Misses the Net.
13:16 of 2nd period - Wrist shot by Oleg Kvasha.
13:16 of 2nd period - Goal by Oleg Kvasha - Avalanche : 2 - Nordiques : 4.
13:17 of 2nd period - Stephen Weiss wins face-off versus Oleg Kvasha in neutral zone.
13:22 of 2nd period - Snap shot by Stephen Weiss.
13:22 of 2nd period - Shot Misses the Net.
13:42 of 2nd period - Chris Phillips is hit by Jack Johnson and loses puck.
13:51 of 2nd period - Snap shot by Chuck Kobasew.
13:51 of 2nd period - Shot Misses the Net.
13:53 of 2nd period - Snap shot by Andrew Ladd.
13:53 of 2nd period - Shot Misses the Net.
13:55 of 2nd period - Slapshot by Andrew Ladd.
13:55 of 2nd period - Shot Misses the Net.
14:17 of 2nd period - Wrist shot by Ryan Malone.
14:17 of 2nd period - Stopped by Marty Turco with a rebound.
14:29 of 2nd period - Wrist shot by Ales Kotalik.
14:29 of 2nd period - Shot Misses the Net.
14:31 of 2nd period - Slapshot by Jordan Leopold.
14:31 of 2nd period - Shot Blocked by Oleg Kvasha.
14:33 of 2nd period - Snap shot by Ales Kotalik.
14:33 of 2nd period - Goal by Ales Kotalik - Avalanche : 2 - Nordiques : 5.
14:34 of 2nd period - Oleg Kvasha wins face-off versus Saku Koivu in neutral zone.
14:55 of 2nd period - Minor Penalty to Ryan Malone for Hooking.
14:56 of 2nd period - Ryan Smyth wins face-off versus Saku Koivu in Nordiques zone.
15:41 of 2nd period - Snap shot by Simon Gagné.
15:41 of 2nd period - Shot Blocked by Jason Pominville.
16:55 of 2nd period - Penalty to Ryan Malone is over, Ryan Malone is back on ice.
17:02 of 2nd period - Wrist shot by Daniel Cleary.
17:02 of 2nd period - Stopped by Jean-Sébastien Giguère with a rebound.
17:04 of 2nd period - Slapshot by Jack Johnson.
17:04 of 2nd period - Shot Misses the Net.
18:19 of 2nd period - Minor Penalty to Mike Comrie for Interference.
18:20 of 2nd period - Daniel Cleary wins face-off versus Stephen Weiss in Avalanche zone.
Goals for this period are 2 for Avalanche vs 1 for Nordiques.
Shots for this period are 11 for Avalanche vs 5 for Nordiques.
3rd period
0:01 of 3rd period - Stephen Weiss wins face-off versus Daniel Cleary in neutral zone.
0:19 of 3rd period - Penalty to Mike Comrie is over, Mike Comrie is back on ice.
0:25 of 3rd period - Chris Phillips is hit by Oleg Kvasha and loses puck.
0:36 of 3rd period - Wrist shot by Ryan Smyth.
0:36 of 3rd period - Stopped by Jean-Sébastien Giguère without a rebound.
0:37 of 3rd period - Stephen Weiss wins face-off versus Mike Comrie in Nordiques zone.
0:50 of 3rd period - Maxim Afinogenov is hit by Brian Campbell and loses puck.
0:54 of 3rd period - Minor Penalty to Erik Cole for Holding.
0:55 of 3rd period - Mike Comrie wins face-off versus Stephen Weiss in Avalanche zone.
1:08 of 3rd period - Snap shot by Simon Gagné.
1:08 of 3rd period - Stopped by Marty Turco with a rebound.
1:10 of 3rd period - Snap shot by Simon Gagné.
1:10 of 3rd period - Goal by Simon Gagné - Avalanche : 2 - Nordiques : 6.
1:11 of 3rd period - Oleg Kvasha wins face-off versus Stephen Weiss in neutral zone.
1:37 of 3rd period - Minor Penalty to Jordan Eberle for Goalie Interference.
1:38 of 3rd period - Oleg Kvasha wins face-off versus Saku Koivu in Nordiques zone.
3:29 of 3rd period - Oleg Kvasha is hit by Jordan Leopold and loses puck.
3:37 of 3rd period - Penalty to Jordan Eberle is over, Jordan Eberle is back on ice.
3:55 of 3rd period - Jordan Eberle is hit by Andrew Ladd and loses puck.
4:07 of 3rd period - Marc Staal is hit by Ryan Whitney and loses puck.
4:59 of 3rd period - Slapshot by Lubomir Visnovsky.
4:59 of 3rd period - Stopped by Marty Turco with a rebound.
5:04 of 3rd period - Off-side.
5:05 of 3rd period - Tyler Arnason wins face-off versus Erik Cole in neutral zone.
5:17 of 3rd period - Minor Penalty to Tyler Arnason for Hooking.
5:18 of 3rd period - Éric Belanger wins face-off versus Oleg Kvasha in Nordiques zone.
5:30 of 3rd period - Snap shot by Ryan Smyth.
5:30 of 3rd period - Stopped by Jean-Sébastien Giguère without a rebound.
5:31 of 3rd period - Oleg Kvasha wins face-off versus Éric Belanger in Nordiques zone.
5:36 of 3rd period - Snap shot by Jason Pominville.
5:36 of 3rd period - Shot Misses the Net.
5:38 of 3rd period - Slapshot by Brian Campbell.
5:38 of 3rd period - Deflect By Oleg Kvasha.
5:38 of 3rd period - Shot Misses the Net.
5:38 of 3rd period - Puck is out of play.
5:39 of 3rd period - Oleg Kvasha wins face-off versus Éric Belanger in Nordiques zone.
5:50 of 3rd period - Snap shot by Jason Pominville.
5:50 of 3rd period - Goal by Jason Pominville - Avalanche : 3 - Nordiques : 6.
5:51 of 3rd period - Oleg Kvasha wins face-off versus Stephen Weiss in neutral zone.
6:02 of 3rd period - Snap shot by Maxim Afinogenov.
6:02 of 3rd period - Stopped by Marty Turco without a rebound.
6:03 of 3rd period - Oleg Kvasha wins face-off versus Stephen Weiss in Avalanche zone.
6:28 of 3rd period - Jordan Eberle is hit by Erik Cole and loses puck.
6:35 of 3rd period - Wrist shot by Corey Perry.
6:35 of 3rd period - Shot Misses the Net.
6:49 of 3rd period - Snap shot by Jordan Eberle.
6:49 of 3rd period - Stopped by Marty Turco without a rebound.
6:50 of 3rd period - Bryan Little wins face-off versus Alexei Ponikarovsky in Avalanche zone.
6:50 of 3rd period - Bryan Little is hit by Tyler Arnason.
7:16 of 3rd period - Alexei Ponikarovsky is hit by Corey Perry and loses puck.
7:23 of 3rd period - Snap shot by Corey Perry.
7:23 of 3rd period - Deflect By Mike Comrie.
7:23 of 3rd period - Shot Misses the Net.
7:23 of 3rd period - Puck is out of play.
7:24 of 3rd period - Oleg Kvasha wins face-off versus Stephen Weiss in Nordiques zone.
7:30 of 3rd period - Minor Penalty to Maxim Afinogenov for Tripping.
7:31 of 3rd period - Oleg Kvasha wins face-off versus Saku Koivu in Nordiques zone.
7:43 of 3rd period - Wrist shot by Ryan Smyth.
7:43 of 3rd period - Shot Misses the Net.
8:19 of 3rd period - Jason Pominville is hit by Alexei Ponikarovsky and loses puck.
9:30 of 3rd period - Penalty to Maxim Afinogenov is over, Maxim Afinogenov is back on ice.
10:28 of 3rd period - Icing by Stephen Weiss.
10:29 of 3rd period - Tyler Arnason wins face-off versus Maxim Talbot in Nordiques zone.
10:29 of 3rd period - Tyler Arnason is hit by Maxim Talbot.
10:39 of 3rd period - Ales Kotalik is hit by Jack Johnson and loses puck.
10:58 of 3rd period - Bryan McCabe is hit by Jason Pominville and loses puck.
11:13 of 3rd period - Chris Phillips is hit by Corey Perry and loses puck.
11:42 of 3rd period - Slapshot by Bryan McCabe.
11:42 of 3rd period - Stopped by Marty Turco without a rebound.
11:43 of 3rd period - Tyler Arnason wins face-off versus Maxim Talbot in Avalanche zone.
11:55 of 3rd period - Chuck Kobasew is hit by Tyler Arnason and loses puck.
12:33 of 3rd period - Wrist shot by Saku Koivu.
12:33 of 3rd period - Stopped by Marty Turco with a rebound.
12:35 of 3rd period - Slapshot by Chris Phillips.
12:35 of 3rd period - Nordiques goal is going for a video replay.
12:35 of 3rd period - The goal is good.
12:35 of 3rd period - Goal by Chris Phillips - Avalanche : 3 - Nordiques : 7.
12:36 of 3rd period - Stephen Weiss wins face-off versus Oleg Kvasha in neutral zone.
12:46 of 3rd period - Oleg Kvasha beats up Maxim Afinogenov.
12:46 of 3rd period - Penalty to Maxim Afinogenov for Fighting.
12:46 of 3rd period - Penalty to Oleg Kvasha for Fighting.
12:47 of 3rd period - Stephen Weiss wins face-off versus Rostislav Olesz in Nordiques zone.
12:47 of 3rd period - Stephen Weiss is hit by Rostislav Olesz.
12:52 of 3rd period - Off-side.
12:53 of 3rd period - Rostislav Olesz wins face-off versus Stephen Weiss in neutral zone.
12:58 of 3rd period - Snap shot by Jason Pominville.
12:58 of 3rd period - Shot Misses the Net.
13:05 of 3rd period - Shane O'Brien beats up Simon Gagné.
13:05 of 3rd period - Penalty to Simon Gagné for Fighting.
13:05 of 3rd period - Penalty to Shane O'Brien for Fighting.
13:06 of 3rd period - Saku Koivu wins face-off versus Rostislav Olesz in Nordiques zone.
13:11 of 3rd period - Wrist shot by Ryan Malone.
13:11 of 3rd period - Shot Misses the Net.
13:13 of 3rd period - Wrist shot by Jordan Eberle.
13:13 of 3rd period - Shot Misses the Net.
13:15 of 3rd period - Snap shot by Saku Koivu.
13:15 of 3rd period - Goal by Saku Koivu - Avalanche : 3 - Nordiques : 8.
13:16 of 3rd period - Rostislav Olesz wins face-off versus Stephen Weiss in neutral zone.
13:30 of 3rd period - Slapshot by Jason Pominville.
13:30 of 3rd period - Shot Misses the Net.
13:32 of 3rd period - Backhand shot by Rostislav Olesz.
13:32 of 3rd period - Stopped by Jean-Sébastien Giguère without a rebound.
13:33 of 3rd period - Stephen Weiss wins face-off versus Mike Comrie in Nordiques zone.
14:07 of 3rd period - Mattias Weinhandl is hit by Chuck Kobasew and loses puck.
14:28 of 3rd period - Slapshot by Ales Kotalik.
14:28 of 3rd period - Stopped by Marty Turco without a rebound.
14:29 of 3rd period - Rostislav Olesz wins face-off versus Stephen Weiss in Avalanche zone.
14:29 of 3rd period - Rostislav Olesz is hit by Alexei Ponikarovsky.
15:03 of 3rd period - Éric Belanger is hit by Corey Perry and loses puck.
15:20 of 3rd period - Daniel Cleary is hit by Bryan McCabe and loses puck.
15:41 of 3rd period - Slapshot by Chuck Kobasew.
15:41 of 3rd period - Stopped by Jean-Sébastien Giguère with a rebound.
15:44 of 3rd period - Icing by Saku Koivu.
15:45 of 3rd period - Ryan Malone wins face-off versus Rostislav Olesz in Nordiques zone.
16:08 of 3rd period - Chris Phillips is hit by Erik Cole and loses puck.
16:28 of 3rd period - Minor Penalty to Maxim Talbot for Interference.
16:29 of 3rd period - Mike Comrie wins face-off versus Alexei Ponikarovsky in Avalanche zone.
16:35 of 3rd period - Stephen Weiss is hit by Erik Cole and loses puck.
16:44 of 3rd period - Snap shot by Stephen Weiss.
16:44 of 3rd period - Deflect By Alexei Ponikarovsky.
16:44 of 3rd period - Shot Blocked by Jack Johnson.
16:44 of 3rd period - Puck is out of play.
16:45 of 3rd period - Stephen Weiss wins face-off versus Mike Comrie in Avalanche zone.
17:46 of 3rd period - Penalty to Oleg Kvasha is over, Oleg Kvasha is back on ice.
18:05 of 3rd period - Penalty to Shane O'Brien is over, Shane O'Brien is back on ice.
18:28 of 3rd period - Penalty to Maxim Talbot is over, Maxim Talbot is back on ice.
19:28 of 3rd period - Alexei Ponikarovsky is hit by Bryan Little.
19:55 of 3rd period - Off-side.
19:56 of 3rd period - Stephen Weiss wins face-off versus Maxim Talbot in neutral zone.
19:58 of 3rd period - Jordan Leopold is hit by Brian Campbell.
Goals for this period are 1 for Avalanche vs 3 for Nordiques.
Shots for this period are 5 for Avalanche vs 10 for Nordiques.
Output by the SimonT Hockey Simulator (STHS) for François Prévost -- Original Page W3C XHTML 1.0 Valid